 Dungeon Crawl Stone Soup version 0.23.1 (webtiles) character file.

Game seed: 17926539932058363332

162 Chiseanne the Covert (level 5, -3/25 HPs)
             Began as a Spriggan Assassin on Mar 7, 2019.
             Slain by an orc
             ... wielding a +0 flail
              (9 damage)
             ... on level 3 of the Dungeon.
             The game lasted 00:05:11 (3146 turns).

Chiseanne the Covert (Spriggan Assassin)            Turns: 3146, Time: 00:05:11

Health: -3/25      AC:  3    Str:  7    XL:     5   Next: 19%
Magic:  6/6        EV: 19    Int: 12    God:
Gold:   153        SH:  0    Dex: 19    Spells: 4/4 levels left

rFire    . . .     SeeInvis +   a - +2 dagger
rCold    . . .     Gourm    .   (shield restricted)
rNeg     . . .     Faith    .   c - +0 robe
rPois    .         Spirit   .   (helmet restricted)
rElec    .         Reflect  .   d - +0 cloak
rCorr    .         Harm     .   (gloves unavailable)
MR       .....                  (boots unavailable)
Stlth    ++++......             (no amulet)
HPRegen  0.08/turn              (no ring)
MPRegen  0.10/turn              (no ring)

@: very quick
A: very small, unfitting armour, see invisible, herbivore, speed 3, slow
metabolism 2
a: no special abilities


You were on level 3 of the Dungeon.
You were not hungry.

You visited 1 branch of the dungeon, and saw 3 of its levels.

You collected 153 gold pieces.

Inventory:

Hand Weapons
 a - a +2 dagger (weapon)
 b - a +0 blowgun
Missiles
 e - 6 poisoned needles
 f - 2 curare-tipped needles
 h - 196 stones (quivered)
 i - 23 arrows
 j - 59 sling bullets
 t - 15 bolts
Armour
 c - a +0 robe (worn)
 d - a +0 cloak (worn)
Scrolls
 k - a scroll of teleportation
 o - a scroll of amnesia
Potions
 l - a potion of heal wounds
 m - 2 potions of brilliance {unknown}
 p - 3 potions of curing {unknown}
 s - a potion of magic {unknown}
 v - a potion of ambrosia {unknown}
Comestibles
 g - 6 rations


   Skills:
 - Level 1.5 Fighting
 + Level 3.5 Short Blades
 - Level 2.0 Throwing
 + Level 3.8 Dodging
 * Level 8.2 Stealth


You had 4 spell levels left.
You didn't know any spells.
Your spell library was empty.

Dungeon Overview and Level Annotations

Branches:
Dungeon (3/15)

Altars:

Annotations:
D:3 Robin


Innate Abilities, Weirdness & Mutations

You are very small and have problems with some larger weapons.
You are too small for most types of armour.
You have supernaturally acute eyesight. (SInv)
You are a herbivore.
You cover ground extremely quickly.
You need to consume almost no food.


Message History

Throwing (i - inventory)
h - 196 stones (quivered)
Press: ? - help, Shift-Dir - straight line, f/p - goblin
Aim: a goblin, wielding a +0 dagger (heavily wounded)
You throw a stone. The stone hits the goblin.
The goblin is severely wounded.
Throwing (i - inventory)
h - 195 stones (quivered)
Press: ? - help, Shift-Dir - straight line, f/p - goblin
Aim: a goblin, wielding a +0 dagger (severely wounded)
You throw a stone. The stone closely misses the goblin.
You hit the goblin.
You kill the goblin!
You see here a +0 dagger.
h - 195 stones (gained 1)
h - 196 stones (gained 1)
An orc is nearby!
You see here a +0 dagger.
The orc is too close now for your liking.
The orc shouts!
The orc hits you with a +0 flail!
You die...

# #.# #.# # #.# #.#
#.# #.# #.# #.#
#.##########.##
#.†.)..).))...####.#.
#
############.........
# ###...####.## #
#...#.@o...# #
#.#...###### #
#.##.## # #>##†## #
#....# # #.##..# #
######..# # #.......#
#)#####.#


You could see an orc.

Vanquished Creatures
  6 adders
  An ooze (D:2)
  A worm (D:2)
  A dart slug (D:1)
  7 leopard geckos
  An orc (D:3)
  4 giant cockroaches
  21 goblins
  9 hobgoblins
  4 jackals (D:1)
  12 bats
  4 frilled lizards
  6 kobolds
  11 rats
88 creatures vanquished.

Notes
Turn   | Place    | Note
-------+----------+-------------------------------------------
     0 | D:1      | Chiseanne the Spriggan Assassin began the quest for the
                  | Orb.
     0 | D:1      | Reached XP level 1. HP: 10/10 MP: 2/2
    60 | D:1      | Reached skill level 6 in Stealth
   176 | D:1      | Reached XP level 2. HP: 14/14 MP: 3/3
   564 | D:1      | Reached XP level 3. HP: 9/18 MP: 4/4
  1047 | D:2      | Reached skill level 7 in Stealth
  1661 | D:2      | Reached XP level 4. HP: 22/22 MP: 5/5
  2978 | D:3      | Reached skill level 8 in Stealth
  2986 | D:3      | Noticed Robin
  3008 | D:3      | Reached XP level 5. HP: 10/25 MP: 6/6
  3146 | D:3      | Slain by an orc

Skill      XL: |  1  2  3  4 |
---------------+-------------+-----
Stealth        | 6 7 8 |  8.2
Dodging        | 2 3 |  3.8
Short Blades   | 3 |  3.5
Fighting       | |  1.5
Throwing       | |  2.0

Action                   |  1- 3 |  4- 6 || total
-------------------------+-------+-------++-------
Melee: Dagger            |   102 |   155 ||   257
 Fire: Blowgun           |     6 |       ||     6
Throw: Tomahawk          |       |     6 ||     6
       Stone             |       |     5 ||     5
  Use: Scroll            |       |     7 ||     7
       Potion            |       |     1 ||     1
 Stab: Sleeping          |    15 |    11 ||    26
Armor: Robe              |    16 |    17 ||    33
Dodge: Dodged            |    74 |   118 ||   192
